 Dungeon Crawl Stone Soup version 0.17-a0-1887-g3e50df6 (webtiles) character file.

14995 Ijustatesigmund the Basher (level 11, -9/99 HPs)
             Began as a Minotaur Fighter on Sept 23, 2015.
             Was the Champion of Okawaru.
             Mangled by Maud
             ... wielding a +2 great sword of slicing
              (30 damage)
             ... on level 10 of the Dungeon.
             The game lasted 00:40:56 (11198 turns).

Ijustatesigmund the Basher (Minotaur Fighter)      Turns: 11198, Time: 00:40:56

Health: -9/99      AC: 21    Str: 21    XL:     11   Next: 96%
Magic:  16/16      EV: 12    Int:  5    God:    Okawaru [******]
Gold:   541        SH:  0    Dex: 13    Spells: 0 memorised, 10 levels left

rFire  + . .     SeeInvis .     L - +1 dire flail (protect)
rCold  . . .     Clarity  .     v - +2 chain mail {rPois}
rNeg   . . .     SustAt   .     (no shield)
rPois  +         Gourm    .     (helmet restricted)
rElec  .         Spirit   .     m - +0 cloak
rCorr  .         Warding  .     Q - +2 pair of gloves {archery}
rMut   .         Stasis   .     y - +1 pair of boots
MR     .....                    (no amulet)
Stlth  ..........               p - +2 ring of slaying
                                o - ring of protection from fire

@: corroded equipment, not resistant to hostile enchantments, extremely
unstealthy
A: retaliatory headbutt, horns 2, subdued magic 1
a: Heroism, Finesse, Renounce Religion


You were on level 10 of the Dungeon.
You worshipped Okawaru.
Okawaru was exalted by your worship.
You were not hungry.

You visited 2 branches of the dungeon, and saw 12 of its levels.
You also visited: Sewer.

You collected 627 gold pieces.
You spent 86 gold pieces at shops.

Inventory:

Hand weapons
 a - a +0 flail
 q - a +3 mace of protection
 L - a +1 dire flail of protection (weapon)
Armour
 m - a +0 cloak (worn)
 v - a +2 chain mail of poison resistance (worn)
 y - a +1 pair of boots (worn)
 Q - a +2 pair of gloves of archery (worn)
Jewellery
 f - an uncursed amulet of faith
 i - an uncursed ring of wizardry
 l - a +3 ring of strength
 o - a ring of protection from fire (left hand)
 p - a +2 ring of slaying (right hand)
 B - an uncursed ring of positive energy {unknown}
 D - a +4 ring of strength
Magical devices
 b - a wand of draining (9)
 F - a wand of flame (10)
 M - a wand of random effects (16)
 O - a wand of draining (15)
 R - a wand of confusion (20)
Scrolls
 x - 6 scrolls of remove curse
 z - 3 scrolls of enchant weapon
 A - a scroll of fear
 G - 2 scrolls of recharging
 H - a scroll of amnesia
 I - a scroll of teleportation
 J - 2 scrolls of magic mapping
 N - a scroll of identify
 P - a scroll of immolation
 S - a scroll of fog {unknown}
Potions
 d - 3 potions of brilliance
 g - a potion of haste
 h - 3 potions of curing
 j - a potion of lignification
 k - 2 potions of magic
 n - 4 potions of heal wounds
 r - 3 potions of mutation
 s - 4 potions of flight
 t - a potion of might
 u - a potion of invisibility
 C - a potion of cure mutation
 E - 3 potions of agility
Books
 K - a book of Dreams

   Spells                             Type                      Level
   a - Ensorcelled Hibernation        Hexes/Ice                    2
   b - Phase Shift                    Translocation                5
   c - Shadow Creatures               Summoning                    5
   d - Silence                        Hexes/Air                    5
   e - Darkness                       Hexes                        6
   f - Mass Confusion                 Hexes                        6
 T - a book of Geomancy

   Spells                             Type                      Level
   a - Sandblast                      Earth                        1
   b - Stoneskin                      Transmutation/Earth          2
   c - Passwall                       Transmutation/Earth          3
   d - Stone Arrow                    Conjuration/Earth            3
   e - Petrify                        Transmutation/Earth          4
   f - Lee's Rapid Deconstruction     Earth                        5
Comestibles
 c - a royal jelly
 e - 8 bread rations
 w - 9 meat rations
 U - 3 chunks of flesh


   Skills:
 - Level 10.0 Fighting
 * Level 13.3 Maces & Flails
 - Level 9.1 Armour
 + Level 8.5 Dodging
   Level 3.6 Shields
 + Level 9.3 Invocations


You had 10 spell levels left.
You didn't know any spells.

Dungeon Overview and Level Annotations

Branches:
Dungeon (11/15)            Temple (1/1) D:5            Lair (0/8) D:11
    Orc (0/4) D:11

Altars:
Ashenzari
Cheibriados
Dithmenos
Elyvilon
Fedhas
Gozag
Kikubaaqudgha
Makhleb
Nemelex Xobeh
Okawaru
Qazlal
Ru
Sif Muna
Trog
Vehumet
Xom
Yredelemnul
Zin
The Shining One

Shops:
D:4 %   D:5 [   D:7 }

Annotations:
D:10 Maud


Innate Abilities, Weirdness & Mutations

You reflexively headbutt those who attack you in melee.
You have a pair of horns on your head.
Your spells are a little easier to cast, but a little less powerful.


Message History

Maud is severely wounded.
Maud closely misses you. You furiously retaliate!
You headbutt Maud!
The centaur skeleton hits you but does no damage.
You closely miss Maud. You headbutt Maud.
Maud is almost dead.
The centaur skeleton hits you but does no damage.
You closely miss Maud.
Maud is almost dead.
Maud hits you with a great sword of slicing!
* * * LOW HITPOINT WARNING * * *
x2 You are too injured to fight recklessly!
You are too injured to fight recklessly!
You hit Maud but do no damage.
Maud is almost dead.
The centaur skeleton hits you but does no damage.
You barely miss Maud. You headbutt Maud, but do no damage.
Maud is almost dead.
The centaur skeleton hits you but does no damage.
Maud hits you with a great sword of slicing!!
You die...

#...# #...# #...##
#...# .....# #...##
#...# .....###...##
#...# [...... ...##
#...##.....# #..##
#...##..... #..##
#...##..# #..##
#.@.....# #..##
#Z@##...## #....
....s##...##.####....
......##.†.##......###
........##...##......#
#
.%......##...##.####.#
# ........##...##.#
#.# #
........##......#
#.### #......# #....


You could see Maud, a scorpion and a centaur skeleton.

Vanquished Creatures
  Harold (D:10)
  2 centaur warriors
  The ghost of Ijustatesigmund the Slinger, a powerful HaHu of Dithmenos (D:10)
  4 hill giants
  An unseen horror (D:11)
  Pikel (D:8)
  A centaur zombie (D:10)
  A komodo dragon (D:11)
  2 trolls
  A two-headed ogre (D:9)
  Grinder (D:4)
  A trapdoor spider zombie (D:9)
  A spriggan (D:7)
  A wyvern (D:11)
  A hungry ghost (D:11)
  Grum (D:10)
  3 yaks (D:10)
  3 hippogriffs
  4 wolves (D:10)
  A slave (D:8)
  A wasp (D:11)
  3 orc warriors
  Purgy (Sewer)
  A swamp drake (D:11)
  3 ice beasts
  12 centaurs
  A necrophage (D:9)
  4 phantoms
  4 ogres
  5 sky beasts
  2 black bears
  3 crocodiles (D:11)
  3 giant frogs
  2 big kobolds
  Blork the orc (D:6)
  A gnoll sergeant (D:10)
  A water moccasin zombie (D:6)
  5 scorpions
  5 killer bees (D:11)
  3 wights (D:8)
  7 hounds
  4 crimson imps
  3 jellies
  15 orc priests
  2 centaur skeletons
  5 iguanas
  6 orc wizards
  7 worker ants
  A killer bee zombie (D:9)
  2 hound skeletons
  A hound zombie (D:5)
  Robin (D:3)
  9 gnolls
  13 adders
  An ooze (D:3)
  2 adder zombies
  3 adder skeletons
  2 worms
  7 giant geckos
  31 orcs
  10 hobgoblins
  6 jackals
  15 kobolds
  5 quokkas
  7 bats
  10 giant cockroaches
  A giant cockroach zombie (D:6)
  2 giant gecko skeletons (D:4)
  5 giant newts
  15 goblins
  A quokka skeleton (D:4)
  5 rats
297 creatures vanquished.

Vanquished Creatures (others)
  A slave (D:11)
  A scorpion (D:11)
  A worker ant (D:11)
  A quokka (D:11)
4 creatures vanquished.

Grand Total: 301 creatures vanquished

Notes
Turn   | Place    | Note
--------------------------------------------------------------
     0 | D:1      | Ijustatesigmund the Minotaur Fighter began the quest for the Orb.
     0 | D:1      | Reached XP level 1. HP: 19/19 MP: 0/0
   106 | D:1      | Reached XP level 2. HP: 26/26 MP: 1/1
   886 | D:2      | Reached skill level 4 in Maces & Flails
   932 | D:2      | Reached XP level 3. HP: 31/31 MP: 2/2
  1564 | D:2      | Found a snail-covered altar of Cheibriados.
  1565 | D:2      | Found a sparkling altar of Nemelex Xobeh.
  1842 | D:3      | Reached skill level 5 in Maces & Flails
  1847 | D:3      | Found a glowing drain.
  1856 | Sewer    | Entered a sewer
  1910 | Sewer    | Noticed Purgy
  1916 | Sewer    | Killed Purgy
  1916 | Sewer    | Reached skill level 6 in Maces & Flails
  1916 | Sewer    | Reached XP level 4. HP: 30/39 MP: 3/3
  1916 | Sewer    | Reached XP level 5. HP: 34/45 MP: 4/4
  2437 | D:3      | Reached skill level 7 in Maces & Flails
  2772 | D:3      | Noticed Robin
  2809 | D:3      | Killed Robin
  3229 | D:4      | Reached XP level 6. HP: 33/52 MP: 5/5
  3248 | D:4      | Gained mutation: You passively map a small area around you. [potion of mutation]
  3248 | D:4      | Lost mutation: You passively map a small area around you. [potion of mutation]
  3248 | D:4      | Gained mutation: Your spells are a little easier to cast, but a little less powerful. [potion of mutation]
  3510 | D:4      | Found a shattered altar of Ashenzari.
  3512 | D:4      | Noticed Grinder
  3515 | D:4      | Got a wizard robe
  3531 | D:4      | Found a stormy altar of Qazlal.
  3534 | D:4      | Paralysed by Grinder for 7 turns
  3545 | D:4      | Paralysed by Grinder for 5 turns
  3806 | D:5      | Entered Level 5 of the Dungeon
  3851 | D:5      | Reached skill level 8 in Maces & Flails
  3882 | D:5      | Found Vinimog's Armour Emporium.
  4002 | D:5      | Found a staircase to the Ecumenical Temple.
  4009 | D:5      | Reached skill level 5 in Fighting
  4009 | D:5      | Reached XP level 7. HP: 49/61 MP: 6/6
  4020 | Temple   | Entered the Ecumenical Temple
  4162 | Temple   | Became a worshipper of Warmaster Okawaru
  4300 | D:5      | Reached skill level 1 in Invocations
  4339 | D:5      | Bought a +0 pair of boots for 67 gold pieces
  4349 | D:5      | Identified the +0 robe "Hojar" {rF+} (You found it on level 4 of the Dungeon)
  4683 | D:5      | Reached skill level 9 in Maces & Flails
  4729 | D:4      | Found a burning altar of Makhleb.
  4788 | D:4      | Acquired Okawaru's first power
  4797 | D:4      | Killed Grinder
  4797 | D:4      | Reached XP level 8. HP: 45/71 MP: 8/8
  5175 | D:4      | Found Kopovut's Food Boutique.
  5181 | D:4      | Bought a slice of pizza for 19 gold pieces
  5193 | D:4      | Noticed a phantom
  5198 | D:4      | Killed a phantom
  5198 | D:4      | Reached skill level 5 in Armour
  5421 | D:6      | Noticed Blork the orc
  5447 | D:6      | Killed Blork the orc
  6029 | D:7      | Reached skill level 10 in Maces & Flails
  6077 | D:7      | Found Fysufash's Gadget Boutique.
  6112 | D:7      | Reached XP level 9. HP: 64/80 MP: 11/11
  6134 | D:7      | Reached skill level 1 in Dodging
  6691 | D:6      | Reached skill level 5 in Invocations
  6928 | D:8      | Noticed a hill giant
  6939 | D:8      | Killed a hill giant
  7535 | D:8      | Reached XP level 10. HP: 85/91 MP: 13/13
  7649 | D:8      | Noticed Pikel
  7671 | D:8      | Killed Pikel
  8005 | D:9      | Acquired Okawaru's second power
  8007 | D:9      | Reached skill level 5 in Dodging
  8567 | D:9      | Received a gift from Okawaru
  8567 | D:9      | Reached skill level 10 in Fighting
  8739 | D:9      | Noticed a centaur warrior
  8750 | D:9      | Killed a centaur warrior
  8995 | D:10     | Entered Level 10 of the Dungeon
  9002 | D:10     | Noticed Harold
  9028 | D:10     | Killed Harold
  9028 | D:10     | Reached skill level 11 in Maces & Flails
  9086 | D:10     | Reached XP level 11. HP: 60/99 MP: 15/15
  9140 | D:10     | Noticed Ijustatesigmund's ghost (powerful HaHu)
  9426 | D:11     | Found a glowing silver altar of Zin.
  9625 | D:11     | Noticed a hill giant
  9654 | D:11     | Killed a hill giant
  9838 | D:11     | Found a staircase to the Lair.
 10032 | D:11     | Found a staircase to the Orcish Mines.
 10238 | D:11     | Noticed a hill giant
 10248 | D:11     | Killed a hill giant
 10248 | D:11     | Reached skill level 12 in Maces & Flails
 10363 | D:11     | Killed an unseen horror
 10363 | D:11     | Received a gift from Okawaru
 10634 | D:11     | Noticed a centaur warrior
 10645 | D:11     | Killed a centaur warrior
 10645 | D:11     | Received a gift from Okawaru
 10818 | D:10     | Killed Ijustatesigmund's ghost
 10865 | D:10     | Noticed a hill giant
 10875 | D:10     | Killed a hill giant
 11038 | D:10     | Noticed Grum
 11039 | D:10     | Reached skill level 13 in Maces & Flails
 11056 | D:10     | Killed Grum
 11176 | D:10     | Noticed Maud
 11198 | D:10     | Mangled by Maud

Vault maps used:
D:1:      scummos_arrival_hexagon, serial_co_window_serial, co_window_paths_b,
          co_window_cross_1, co_window_paths_b, co_window_corner_a,
          co_window_corner_a, co_window_corner_a, co_window_unsneaky_path_c,
          co_window_of_opportunity_b, co_window_paths_c, co_window_broadway_c,
          co_window_2corner, glass_columns_b, glass_columns_a, glass_columns_b
D:2:      minitemple, minmay_misc_feat_encased
D:3:      portal_sewer_entry_d, hangedman_decor_opposing,
          kennysheep_generic_room_8, uniq_robin
D:4:      grunt_temple_overflow_open, serial_shops, nicolae_shop_crystal,
          uniq_grinder
D:5:      minmay_temple_entry_statues_fountains, first_bread, serial_shops,
          nicolae_shop_waterfront, minmay_misc_feat_pillars
D:6:      uniq_blork_the_orc
D:7:      serial_shops, nicolae_shop_temple_entry_statues_fountains, the_bakery
D:8:      uniq_pikel
D:9:      nicolae_whirlpool
D:10:     serial_shops, nicolae_shop_overgrown_old_shop, uniq_maud, uniq_grum,
          uniq_harold
D:11:     erik_lair_dragon, basic_altar
Temple:   minmay_temple_curvy_14
Sewer:    kennysheep_door_sewer

Action                   |  1- 3 |  4- 6 |  7- 9 | 10-12 || total
-------------------------+-------+-------+-------+-------++-------
Melee: Flail             |    84 |     2 |       |       ||    86
       Whip              |       |   165 |       |       ||   165
       Mace              |       |     7 |   294 |   108 ||   409
       Dire flail        |       |       |       |   363 ||   363
  Use: Scroll            |     2 |     6 |     3 |    10 ||    21
       Potion            |     1 |     3 |       |     3 ||     7
 Stab: Invisible         |       |       |       |     3 ||     3
  Eat: Chunk             |     3 |     6 |     8 |     6 ||    23
       Pizza             |       |       |     2 |       ||     2
       Fruit             |       |       |     2 |     1 ||     3
       Meat ration       |       |       |       |     2 ||     2
